 Dungeon Crawl Stone Soup version 0.22-b1-26-g9dbaab1 (webtiles) character file.

191 dracos369 the Spear-Bearer (level 5, 0/41 HPs)
             Began as a Merfolk Chaos Knight on Aug 8, 2018.
             Slain by a quokka (3 damage)
             ... on level 3 of the Dungeon.
             The game lasted 00:05:22 (2243 turns).

dracos369 the Spear-Bearer (Merfolk Chaos Knight)   Turns: 2243, Time: 00:05:23

Health: 0/41       AC:  1    Str: 13    XL:     5   Next: 70%
Magic:  5/5        EV: 12    Int: 11    God:    Xom [..*...]
Gold:   156        SH:  0    Dex: 14    Spells: 4/4 levels left

rFire    . . .     SeeInvis .   a - +0 spear (chaos)
rCold    . . .     Gourm    .   (no shield)
rNeg     . . .     Faith    .   b - +2 leather armour
rPois    .         Spirit   .   h - +0 helmet
rElec    .         Reflect  .   (no cloak)
rCorr    .         Harm     .   (no gloves)
MR       .....                  (no boots)
Stlth    +.........             (no amulet)
HPRegen  0.13/turn              m - +3 ring of protection
MPRegen  0.09/turn              (no ring)

@: corroded
A: change form in water, swift swim, stealthy swim
a: Renounce Religion


You were on level 3 of the Dungeon.
You worshipped Xom.
You were a toy of Xom.
You were not hungry.

You visited 1 branch of the dungeon, and saw 3 of its levels.

You collected 156 gold pieces.

Inventory:

Hand Weapons
 a - a +0 spear of chaos (weapon)
Missiles
 e - 4 tomahawks (quivered)
Armour
 b - a +2 leather armour (worn)
 h - a +0 helmet (worn)
Jewellery
 m - a +3 ring of protection (left hand)
Wands
 q - a wand of enslavement (10)
Scrolls
 f - 2 scrolls of identify {unknown}
 i - a scroll of noise {unknown}
 k - a scroll of teleportation {unknown}
 l - a scroll of remove curse {unknown}
 n - a scroll of blinking {unknown}
 o - a scroll of fear {unknown}
Potions
 g - a potion of magic {unknown}
 j - a potion of curing {unknown}
 p - 2 potions of degeneration {unknown}
Comestibles
 c - 6 rations
 d - a chunk of flesh


   Skills:
 - Level 3.5 Fighting
 + Level 8.8 Polearms
 - Level 0.6 Armour
 - Level 2.6 Dodging


You had 4 spell levels left.
You didn't know any spells.
Your spell library was empty.

Dungeon Overview and Level Annotations

Branches:
Dungeon (3/15)

Altars:
Nemelex Xobeh


Message History

You miss something. Something bites you.
You closely miss something. Something bites you.
You closely miss something. You miss something. Something bites you.
You hit something. Something bites you.
You completely miss something. Something bites you.
You closely miss something. Something bites you.
* * * LOW HITPOINT WARNING * * *
You miss something. Something bites you.
* * * LOW HITPOINT WARNING * * *
You miss something. You miss something. Something bites you.
* * * LOW HITPOINT WARNING * * *
Some of the chunks of flesh in your inventory have rotted away.
You miss something. Something bites you.
* * * LOW HITPOINT WARNING * * *
You closely miss something. Something bites you but does no damage.
You barely miss something. Something bites you.
You die... "I guess I need a new plaything now."

..#..#.########.#................
..#..#.#.....##.#................
.<...#.#.###.##.#................
#.#.##.#.# #.##.#................
.......#.###.##.#...(........
#............##.#...........
###.#.##.######.###########
###.#.##.##.....########
..#.#.##.##.###.@†......
#.#.#....# ##.{...... #.#.#.##.#
#........ #<#.#.#####.# #........
###.#........ +........
....#.......# #......).
#####'#####+# #........
............. #........
#............


There were no monsters in sight!

Vanquished Creatures
  2 orc priests (D:3)
  A jelly (D:3)
  Natasha (D:2)
  An adder (D:2)
  An ooze (D:2)
  A worm (D:2)
  3 dart slugs (D:1)
  2 leopard geckos
  3 orcs (D:3)
  A ball python (D:1)
  5 giant cockroaches
  6 goblins
  3 hobgoblins
  6 jackals
  5 kobolds
  5 bats
  4 frilled lizards
  A rat (shapeshifter) (D:1)
  4 rats
55 creatures vanquished.

Vanquished Creatures (others)
  4 toadstools (D:1)
4 creatures vanquished.

Grand Total: 59 creatures vanquished

Notes
Turn   | Place    | Note
-------+----------+-------------------------------------------
     0 | D:1      | dracos369 the Merfolk Chaos Knight began the quest for the Orb.
     0 | D:1      | Reached XP level 1. HP: 18/18 MP: 1/1
    44 | D:1      | Reached XP level 2. HP: 24/24 MP: 2/2
    50 | D:1      | Reached skill level 5 in Polearms
    76 | D:1      | XOM: divination: detect creatures
   224 | D:1      | Reached XP level 3. HP: 25/29 MP: 3/3
   367 | D:1      | Reached skill level 6 in Polearms
   777 | D:2      | Found a sparkling altar of Nemelex Xobeh.
   952 | D:2      | XOM: medium Pois miscast
  1231 | D:2      | Noticed Natasha
  1243 | D:2      | Killed Natasha
  1243 | D:2      | Reached skill level 7 in Polearms
  1243 | D:2      | Reached XP level 4. HP: 17/35 MP: 4/4
  1961 | D:3      | XOM: harmless Tmut miscast
  1966 | D:3      | Reached skill level 8 in Polearms
  1966 | D:3      | Reached XP level 5. HP: 41/41 MP: 5/5
  2130 | D:3      | XOM: harmless Pois miscast
  2190 | D:3      | XOM: divination: magic mapping
  2217 | D:3      | XOM: harmless Conj miscast
  2241 | D:3      | HP: 2/41 [something (5)]
  2243 | D:3      | Slain by a quokka

Skill      XL: |  1  2  3  4 |
---------------+-------------+-----
Polearms       | 5 7 8 |  8.8
Fighting       | |  3.5
Armour         | |  0.6
Dodging        | |  2.6

Action                   |  1- 3 |  4- 6 || total
-------------------------+-------+-------++-------
Melee: Spear             |   117 |   104 ||   221
 Stab: Sleeping          |     1 |     1 ||     2
       Paralysed         |     1 |       ||     1
  Eat: Chunk             |     1 |     3 ||     4
Armor: Leather armour    |    17 |    24 ||    41
Dodge: Dodged            |    28 |    37 ||    65
